 Dungeon Crawl Stone Soup version 0.31.0-9-g3a7656b989 (webtiles) character file.

Game seed: 10654974467384911674

8 Colgate the Poker (level 2, 24/24 HPs)
             Began as a Demonspawn Chaos Knight on Feb 3, 2024.
             Was a Plaything of Xom.
             Quit the game on level 1 of the Dungeon.
             The game lasted 00:00:09 (217 turns).

Colgate the Poker (Demonspawn Chaos Knight)          Turns: 217, Time: 00:00:10

Health: 24/24      AC:  5    Str: 12    XL:     2   Next: 0%
Magic:  2/2        EV: 11    Int: 12    God:    Xom [..*...]
Gold:   22         SH:  0    Dex: 12    Spells: 1/1 levels left

rFire   . . .        a - +0 spear (chaos)
rCold   . . .        (no shield)
rNeg    . . .        b - +2 leather armour
rPois   .            (helmet restricted)
rElec   .            (no cloak)
rCorr   .            (no gloves)
SInv    .            (no boots)
Will    .....        (no amulet)
Stlth   +            (no ring)
HPRegen 0.24/turn    (no ring)
MPRegen 0.08/turn

%: no passive effects
@: no status effects
A: antennae 1
a: Renounce Religion


You were on level 1 of the Dungeon.
You worshipped Xom.
You were a toy of Xom.
You visited 1 branch of the dungeon, and saw 1 of its levels.

You collected 22 gold pieces.

Inventory:

Hand Weapons
 a - a +0 spear of chaos (weapon)
Armour
 b - a +2 leather armour (worn)
Scrolls
 c - a scroll of butterflies
 e - a scroll of enchant weapon {unknown}
 f - a scroll of revelation {unknown}
Potions
 d - a potion of brilliance {unknown}


   Skills:
 - Level 3.0 Fighting
 + Level 3.2 Polearms
 - Level 1.7 Armour
 - Level 0.8 Dodging


You had one spell level left.
You didn't know any spells.
Your spell library was empty.

Dungeon Overview and Level Annotations

Branches:
Dungeon (1/15)

Altars:


Innate Abilities, Weirdness & Mutations

You have a pair of small antennae on your head.


Message History

The ball python hisses angrily.
The bat barely misses you.
There are monsters nearby!
You hit the bat but do no damage. The bat barely misses you.
There are monsters nearby!
You reach to attack!
You closely miss the bat. The bat closely misses you.
There are monsters nearby!
You reach to attack!
You hit the bat but do no damage. The bat hits you but does no damage.
There are monsters nearby!
You reach to attack!
You closely miss the bat. The bat closely misses you.
There are monsters nearby!
You hit the bat. You burn the bat. The bat hits you but does no damage.
The ball python bites you but does no damage.
The ball python closely misses you.
There are monsters nearby!
You barely miss the bat. The bat hits you but does no damage.
The ball python closely misses you. The ball python grabs you.
The ball python constricts you.
There are monsters nearby!
You barely miss the ball python. The ball python barely misses you.
The ball python constricts you. The bat hits you but does no damage.
The ball python barely misses you. The ball python constricts you.
There are monsters nearby!
You barely miss the ball python. The bat hits you but does no damage. x2
The ball python bites you but does no damage.
The ball python constricts you.
There are monsters nearby!
You hit the ball python.
You kill the ball python!
The bat hits you but does no damage.
A bat is nearby!
You hit the bat. The bat barely misses you.
A bat is nearby!
You hit the bat.
You kill the bat!
You have reached level 2!
Your demonic ancestry asserts itself...
A pair of antennae grows on your head!
Are you sure you want to abandon this character and quit the game? (Confirm with "yes".)

######.##
##.#####†#.#
##.###.## #.#.#
##...## #.# # ##.##
#.# #.# ###.# #.#
....# #.# .####
#.#####.####.#
#.....@.$....#
........####...#####
...###### .....#
.......# ........#
##.......# ##......#
........


There were no monsters in sight!

Vanquished Creatures
  2 bats (D:1)
  A giant cockroach (D:1)
  A goblin (D:1)
  A kobold (D:1)
  A quokka (D:1)
  A ball python (D:1)
7 creatures vanquished.

Notes
Turn   | Place    | Note
-------+----------+-------------------------------------------
     0 | D:1      | Colgate the Demonspawn Chaos Knight began the quest for the
                  | Orb.
     0 | D:1      | Reached XP level 1. HP: 18/18 MP: 1/1
   217 | D:1      | Gained mutation: You have a pair of small antennae on your
                  | head. [demonic ancestry]
   217 | D:1      | Reached XP level 2. HP: 24/24 MP: 2/2
   217 | D:1      | Quit the game

Illustrated notes

Levels and vault maps discovered:
D:1:      lightli_molten_gateway, layout_loops_ring

Skill      XL: |  1 |
---------------+----+-----
Polearms       | 3 |  3.2
Fighting       | |  3.0
Armour         | |  1.7
Dodging        | |  0.8

Action                     || total
---------------------------++-------
  Melee: Spear             ||    28
 Armour: Leather armour    ||    18
  Dodge: Dodged            ||    13
